 Dungeon Crawl Stone Soup version 0.30-a0-359-gd0147acb1a (webtiles) character file.

Game seed: 9447927798933136575

58 lunkers the Cutter (level 3, 0/30 (31) HPs)
             Began as an Armataur Reaver on Nov 13, 2022.
             Was a Believer of Kikubaaqudgha.
             Slain by a worm (7 damage)
             ... on level 3 of the Dungeon.
             The game lasted 00:02:09 (1133 turns).

lunkers the Cutter (Armataur Reaver)                Turns: 1133, Time: 00:02:09

HP:   0/30 (31)     AC:  4    Str: 17    XL:     3   Next: 75%
MP:   5/5           EV:  9    Int: 15    God:    Kikubaaqudgha [**....]
Gold: 64            SH:  0    Dex:  8    Spells: 4/5 levels left

rFire   . . .      SeeInvis +    f - +0 quarterstaff
rCold   . . .      Faith    .    (shield currently unavailable)
rNeg    . . .      Spirit   .    b - +0 leather armour
rPois   .          Reflect  .    (no helmet)
rElec   .          Harm     .    (no cloak)
rCorr   .          Roll     +    (no gloves)
Will    .....                    (no barding)
Stlth   +.........               (no amulet)
HPRegen 0.25/turn                g - ring of see invisible
MPRegen 0.09/turn                i - ring of flight

@: flying, lightly drained
A: large, rugged brown scales 3, deformed body, armoured tail, roll, long
tongue, awkward tongue
a: Renounce Religion, Unearth Wretches


You were on level 3 of the Dungeon.
You worshipped Kikubaaqudgha.
Kikubaaqudgha was pleased with you.
You visited 1 branch of the dungeon, and saw 3 of its levels.

You collected 64 gold pieces.

Inventory:

Hand Weapons
 a - a +0 short sword
 f - a +0 quarterstaff (weapon)
Armour
 b - a +0 leather armour (worn)
Magical Staves
 o - a staff of death
Jewellery
 g - a ring of see invisible (left hand)
 i - a ring of flight (right hand)
 m - an amulet of regeneration
Scrolls
 c - a scroll of identify {unknown}
 d - 2 scrolls of teleportation {unknown}
 e - 2 scrolls of fear {unknown}
 j - a scroll of vulnerability {unknown}
 k - a scroll of noise {unknown}
 n - a scroll of poison {unknown}
 p - a scroll of summoning {unknown}
Potions
 h - a potion of curing {unknown}
 l - a potion of invisibility {unknown}


   Skills:
 - Level 1.7 Fighting
 - Level 3.1 Short Blades
 + Level 2.7 Staves
 - Level 1.3 Dodging
 - Level 1.7 Spellcasting
 - Level 2.6 Conjurations


You had 4 spell levels left.
You knew the following spells:

 Your Spells              Type           Power      Damage    Failure   Level
p - Kiss of Death         Conj/Necr      20%        2d7       16%         1

Your spell library contained the following spells:

 Spells                   Type           Power      Damage    Failure   Level
 Momentum Strike          Conj/Tloc      10%        3d8       24%         2
 Necrotise                Necr           4%         1d4       28%         1
 Sublimation of Blood     Necr           1%         N/A       38%         2
 Hailstorm                Conj/Ice       5%         3d4       43%         3
 Gell's Gravitas          Tloc           1%         N/A       63%         3
 Teleport Other           Tloc           1%         N/A       63%         3
 Animate Dead             Necr           1%         N/A       95%         4
 Dispersal                Tloc           0%         N/A       100%        6


Dungeon Overview and Level Annotations

Branches:
Dungeon (3/15)

Altars:
Kikubaaqudgha
Qazlal

Annotations:
D:3 Sigmund


Innate Abilities, Weirdness & Mutations

You are completely covered in rugged brown scales. (AC +3, +7% HP)
Armour fits poorly on your strangely shaped body.
You have a long armoured tail.
You roll when moving toward enemies. (Rampage)
Your long tongue fully drains potion bottles. (2x potion effects)
Your tongue gives you trouble enunciating. (1.5x scroll delay)


Message History

You hit the orc.
The orc is lightly wounded.
The orc hits you with a +0 club.
You barely miss the orc. You tail-slap the orc.
The orc is heavily wounded.
The orc hits you but does no damage.
You thump the orc!
You kill the orc!
Kikubaaqudgha accepts your kill.
Kikubaaqudgha is now protecting you from necromantic miscasts and death curses.
The bat hits you.
You closely miss the bat. You tail-slap the bat.
You kill the bat!
Kikubaaqudgha accepts your kill.
You barely miss the orc.
The orc is moderately wounded.
The orc hits you with a +0 short sword.
You hit the orc but do no damage.
The orc is moderately wounded.
The orc hits you with a +0 short sword.
You sock the orc!
You kill the orc!
Kikubaaqudgha accepts your kill.
You hit the orc.
The orc is moderately wounded.
The orc hits you with a +0 war axe!
* * * LOW HITPOINT WARNING * * *
The orc closely misses you.
You hit the orc.
The orc is severely wounded.
The orc hits you with a +0 war axe.
* * * LOW HITPOINT WARNING * * *
You hit the orc.
You kill the orc!
Kikubaaqudgha accepts your kill.
You hit the worm.
The worm is moderately wounded.
The worm bites you!
You die...
Kikubaaqudgha rasps: "You have failed me!
Welcome... death!"

#.........#
####......#
#......###
#####....#
#....# #...$#
#....#
#.†..#####
#....ow@.#
#.....###.....≈
#.....# ....~
#....## #..≈
#....# ..
#....# . ##.###
#.


You could see a worm and an orc.

Vanquished Creatures
  An adder (D:2)
  2 dart slugs
  4 orcs (D:3)
  4 ball pythons
  4 bats
  2 endoplasms
  5 giant cockroaches
  A goblin (D:2)
  5 hobgoblins
  A kobold (D:1)
  2 quokkas
  A frilled lizard (D:1)
  3 rats
35 creatures vanquished.

Notes
Turn   | Place    | Note
-------+----------+-------------------------------------------
     0 | D:1      | lunkers the Armataur Reaver began the quest for the Orb.
     0 | D:1      | Reached XP level 1. HP: 18/18 MP: 3/3
   131 | D:1      | Reached skill level 3 in Short Blades
   182 | D:1      | Found a faded altar of an unknown god.
   203 | D:1      | Reached XP level 2. HP: 19/25 MP: 4/4
   206 | D:1      | Prayed at the altar of an unknown god.
   206 | D:1      | Became a worshipper of Kikubaaqudgha
   206 | D:1      | Reached * piety under Kikubaaqudgha
   206 | D:1      | Received a gift from Kikubaaqudgha
   259 | D:1      | You are sucked into a shaft and drop 1 floor!
   273 | D:2      | Reached skill level 1 in Staves
   672 | D:2      | Reached XP level 3. HP: 6/25 MP: 2/5
  1014 | D:3      | Noticed Sigmund
  1014 | D:3      | Found a stormy altar of Qazlal.
  1113 | D:3      | Identified the ring "Fethet" {Fly rF+}
  1125 | D:3      | Reached ** piety under Kikubaaqudgha
  1133 | D:3      | Slain by a worm

Illustrated notes

Levels and vault maps discovered:
D:1:      psy_arrival_conway, layout_basic, nicolae_ecumenical_lake_church
D:2:      cheibrodos_helix_gallery, layout_rooms
D:3:      layout_basic, overflow_temple_1_default, elyvilon_altar_3,
          serial_bayou_crossing, uniq_sigmund

Skill      XL: |  1  2 |
---------------+-------+-----
Short Blades   | 3 |  3.1
Staves         | 2 |  2.7
Fighting       | |  1.7
Dodging        | |  1.3
Spellcasting   | |  1.7
Conjurations   | |  2.6

Action                   || total
-------------------------++-------
Melee: Short sword       ||    17
       Quarterstaff      ||    86
       Tailslap          ||    16
 Cast: Kiss of Death     ||     2
Armor: Leather armour    ||    49
Dodge: Dodged            ||    58

Table legend: (Time is in decaauts)
 A = Elapsed time spent in this place.
 B = Non-inter-level travel time spent in this place.
 C = Inter-level travel time spent in this place.
 D = Time resting spent in this place.
 E = Time spent auto-exploring this place.
 F = Levels seen in this place.
 G = Mean time per level.
                   A        B        C        D        E       F      G
               +--------+--------+--------+--------+--------+-----+--------+
         Total |   1149 |   1090 |     59 |     84 |    764 |   3 |  383.0 |
       Dungeon |   1149 |   1090 |     59 |     84 |    764 |   3 |  383.0 |
               +--------+--------+--------+--------+--------+-----+--------+

Top non-repeatable levels by time:
     D:2: 532 daAuts
     D:1: 513 daAuts
     D:3: 103 daAuts
